 Dungeon Crawl Stone Soup version 0.27.0-1-g7a089689b8 (webtiles) character file.

Game seed: 3335793835116235128

201 sasquatch the Chopper (level 5, -4/41 HPs)
             Began as a Demonspawn Berserker on Aug 3, 2021.
             Was a Believer of Trog.
             Slain by an orc (9 damage)
             ... on level 4 of the Dungeon.
             The game lasted 00:03:08 (3731 turns).

sasquatch the Chopper (Demonspawn Berserker)        Turns: 3731, Time: 00:03:08

Health: -4/41      AC: -8    Str: 19    XL:     5   Next: 50%
Magic:  5/5        EV: 12    Int:  6    God:    Trog [**....]
Gold:   206        SH:  4    Dex: 17    Spells: 4/4 levels left

rFire    . . .     SeeInvis .   m - +2 hand axe (vamp)
rCold    . . .     Faith    .   (no shield)
rNeg     . . .     Spirit   .   q - +1 leather armour of the Iron City of Dis {rElec rPois Int-2 Dex+5}
rPois    +         Reflect  .   (no helmet)
rElec    +         Harm     .   (no cloak)
rCorr    .         Rampage  .   (no gloves)
Will     .....                  j - +0 pair of boots
Stlth    +.........             (no amulet)
HPRegen  0.13/turn              (no ring)
MPRegen  0.09/turn              (no ring)

@: corroded, on berserk cooldown, slowed, very slow
A: claws 1, slimy green scales 1, condensation shield, demonic magic 1
a: Renounce Religion, Berserk, Trog's Hand


You were on level 4 of the Dungeon.
You worshipped Trog.
Trog was pleased with you.
You visited 1 branch of the dungeon, and saw 4 of its levels.

You collected 206 gold pieces.

Inventory:

Hand Weapons
 a - a +0 hand axe
 m - a +2 vampiric hand axe (weapon)
 o - a +2 short sword of electrocution
Armour
 h - a +0 plate armour
 j - a +0 pair of boots (worn)
 q - the +1 leather armour of the Iron City of Dis (worn) {rElec rPois Int-2 Dex+5}
   (You found it on level 4 of the Dungeon)

   Int:       It affects your intelligence (-2).
   Dex:       It affects your dexterity (+5).
   rElec:     It insulates you from electricity.
   rPois:     It protects you from poison.
Scrolls
 b - a scroll of noise {unknown}
 d - 3 scrolls of fear {unknown}
 e - 2 scrolls of teleportation {unknown}
 f - a scroll of amnesia {unknown}
 i - a scroll of brand weapon {unknown}
 n - a scroll of silence {unknown}
Potions
 c - a potion of flight {unknown}
 g - a potion of ambrosia {unknown}
 k - a potion of degeneration {unknown}
 l - a potion of lignification {unknown}


   Skills:
 - Level 3.0 Fighting
 + Level 5.7 Axes
 - Level 1.7 Armour
 - Level 1.7 Dodging


You had 4 spell levels left.
You didn't know any spells.
Your spell library was empty.

Dungeon Overview and Level Annotations

Branches:
Dungeon (4/15)
 Temple: D:4-7

Altars:
Ashenzari
Cheibriados
Xom


Innate Abilities, Weirdness & Mutations

You have sharp fingernails.
You are partially covered in slimy green scales. (AC +2)
A meltable shield of frost defends you. (SH +4)
Spells you cast may paralyse adjacent enemies.


Message History

You are too injured to fight recklessly!
A red film seems to cover your vision as you go berserk!
You feel yourself moving faster!
You feel mighty! The jelly barely misses you.
The giant cockroach barely misses you.
You are too injured to fight recklessly!
You are too injured to fight recklessly!
You are too injured to fight recklessly!
You completely miss the jelly.
The jelly is moderately wounded.
You hit the giant cockroach but do no damage.
The jelly hits you.
You are splashed with acid!
The giant cockroach completely misses you.
You hit the jelly.
Your claws burn!
The jelly is heavily wounded.
You slash the giant cockroach!
You feel better.
You kill the giant cockroach!
Trog accepts your kill. The jelly hits you. The acid corrodes you!
You are splashed with acid!
* * * LOW HITPOINT WARNING * * *
You hit the jelly but do no damage. The acid corrodes you!
Your claws burn!
* * * LOW HITPOINT WARNING * * *
The jelly is heavily wounded.
You slash the jelly!
You feel better.
You kill the jelly!
Trog accepts your kill.
You feel a strong urge to attack something.
You start resting.
You feel your anger nearly subside.
You are no longer berserk.
You are exhausted.
You feel yourself slow down.
You start resting.
An orc comes into view. It is wielding a +0 trident.
An orc is nearby!
The orc shouts!
The orc hits you from afar with a +0 trident!
* * * LOW HITPOINT WARNING * * *
The orc misses you. The orc hits you with a +0 trident.
* * * LOW HITPOINT WARNING * * *
You hit the orc but do no damage. The orc hits you with a +0 trident!
You die...

#####.....# ### #....## ...
#.#.## #.# ##..# #.# ##.# #.#
##+## #.# ##...## ##.######
#.#### ##.....# #.....†)#
#@##.## ##.......
##...###.#####o#...####........
......................'........
##.........#.......####........
#..##.#.#.#.#.##.## ##.......
#. .....#.#.#.##.# ##.....#
#.##.###.#.#.##.# ##...## # #.
#.#.#....# ##'## .. ..#.###..#
#.#


You could see an orc.

Vanquished Creatures
  A howler monkey (D:4)
  A jelly (D:4)
  An orc wizard (D:3)
  2 adders
  A dart slug (D:2)
  8 orcs
  5 endoplasms
  5 giant cockroaches
  3 goblins
  9 hobgoblins
  4 jackals (D:3)
  8 kobolds
  5 quokkas
  4 ball pythons
  5 bats
  A frilled lizard (D:2)
  5 rats
68 creatures vanquished.

Notes
Turn   | Place    | Note
-------+----------+-------------------------------------------
     0 | D:1      | sasquatch the Demonspawn Berserker began the quest for the
                  | Orb.
     0 | D:1      | Reached XP level 1. HP: 18/18 MP: 1/1
   101 | D:1      | Reached skill level 3 in Axes
   150 | D:1      | Gained mutation: A meltable shield of frost defends you.
                  | (SH +4) [demonic ancestry]
   150 | D:1      | Reached XP level 2. HP: 24/24 MP: 2/2
  1103 | D:2      | Found a shimmering altar of Xom.
  1319 | D:2      | Reached ** piety under Trog
  1322 | D:2      | Gained mutation: You have sharp fingernails. [demonic
                  | ancestry]
  1322 | D:2      | Reached XP level 3. HP: 17/29 MP: 3/3
  1692 | D:2      | Reached skill level 4 in Axes
  2320 | D:3      | Gained mutation: Spells you cast may paralyse adjacent
                  | enemies. [demonic ancestry]
  2320 | D:3      | Reached XP level 4. HP: 21/35 MP: 4/4
  2448 | D:3      | Found a faded altar of an unknown god.
  2715 | D:3      | Found a broken altar of Ashenzari.
  2741 | D:3      | Found a snail-covered altar of Cheibriados.
  3057 | D:3      | Reached skill level 5 in Axes
  3286 | D:4      | Gained mutation: You are partially covered in slimy green
                  | scales. (AC +2) [demonic ancestry]
  3286 | D:4      | Reached XP level 5. HP: 33/41 MP: 5/5
  3382 | D:4      | Identified the +1 leather armour of the Iron City of Dis
                  | {rElec rPois Int-2 Dex+5}
  3731 | D:4      | Slain by an orc

Illustrated notes

Levels and vault maps discovered:
D:1:      wander_arrival_abandoned_jail, layout_loops_cross, wad_floor_pattern_2
D:2:      layout_basic, basic_altar, minmay_misc_feat_tower,
          minmay_misc_feat_secret_circle
D:3:      layout_basic, amcnicky_altar_gilded, ashenzari_conservatory_becter,
          ebering_ecumenical_altar_webs, st_stairs_7, grunt_ministairs_1,
          hangedman_abyss_or_decor_lesser_grid
D:4:      layout_loops_corners, kennysheep_mini, kennysheep_orc_chapel

Skill      XL: |  1  2  3  4 |
---------------+-------------+-----
Axes           | 3 4 5 |  5.7
Fighting       | |  3.0
Armour         | |  1.7
Dodging        | |  1.7

Action                   |  1- 3 |  4- 6 || total
-------------------------+-------+-------++-------
Melee: Hand axe          |   113 |    81 ||   194
Invok: Berserk           |     3 |     3 ||     6
 Stab: Sleeping          |     1 |       ||     1
Armor: Animal skin       |    25 |    10 ||    35
       Leather armour    |       |     2 ||     2
Dodge: Dodged            |    86 |    48 ||   134
Block: Other             |    22 |     5 ||    27
